 Dungeon Crawl Stone Soup version 0.27.1-1-g398f81649c (webtiles) character file.

Game seed: 17394982390679772826

19 LampP0st the Skirmisher (level 2, -1/26 HPs)
             Began as a Draconian Berserker on Sept 15, 2021.
             Was a Follower of Jiyva.
             Slain by a gnoll (5 damage)
             ... on level 2 of the Dungeon.
             The game lasted 00:02:16 (848 turns).

LampP0st the Skirmisher (Draconian Berserker)        Turns: 848, Time: 00:02:17

Health: -1/26      AC:  4    Str: 19    XL:     2   Next: 55%
Magic:  2/2        EV: 11    Int:  7    God:    Jiyva [*.....]
Gold:   8          SH:  3    Dex: 10    Spells: 1/1 levels left

rFire    . . .     SeeInvis .   e - +0 whip (freeze)
rCold    . . .     Faith    .   c - +0 buckler
rNeg     . . .     Spirit   .   (armour unavailable)
rPois    .         Reflect  .   (helmet restricted)
rElec    .         Harm     .   (no cloak)
rCorr    .         Rampage  .   (no gloves)
Will     .....                  (no boots)
Stlth    +.........             (no amulet)
HPRegen  0.08/turn              (no ring)
MPRegen  0.08/turn              (no ring)

@: no status effects
A: AC +4, unfitting armour, cold-blooded
a: Renounce Religion, Request Jelly


You were on level 2 of the Dungeon.
You worshipped Jiyva.
Jiyva was aware of your devotion.
You visited 1 branch of the dungeon, and saw 2 of its levels.

You collected 8 gold pieces.

Inventory:

Hand Weapons
 a - a +0 spear
 e - a +0 whip of freezing (weapon)
Missiles
 f - 3 stones (quivered)
Armour
 c - a +0 buckler (worn)
Scrolls
 b - 2 scrolls of teleportation {unknown}
Potions
 d - 2 potions of resistance {unknown}


   Skills:
 + Level 3.6 Fighting
 + Level 3.3 Polearms
 + Level 3.0 Dodging


You had one spell level left.
You didn't know any spells.
Your spell library was empty.

Dungeon Overview and Level Annotations

Branches:
Dungeon (2/15)

Altars:
Jiyva

Shops:
D:1 :


Innate Abilities, Weirdness & Mutations

Your plain brown scales are hard. (AC +4)
You cannot fit into any form of body armour.
You are cold-blooded and may be slowed by cold attacks.


Message History

Things that are here:
a +0 whip of freezing; 3 stones; a kobold corpse You hear a distant slurping noise.
Jiyva appreciates your sacrifice.
Things that are here:
a +0 whip of freezing; 3 stones; a kobold corpse
e - a +0 whip of freezing;
f - 3 stones Your +0 whip of freezing glows with a cold blue light!
e - a +0 whip of freezing (weapon)
Found a stone staircase leading up.
A gnoll comes into view. It is wielding a +1 vorpal spear.
A gnoll comes into view. It is wielding a +0 whip.
Found a stone staircase leading up.
The gnoll shouts! x2
A gnoll comes into view. It is wielding a +0 club.
The gnoll shouts!
The gnoll hits you from afar with a +1 vorpal spear!
A gnoll comes into view. It is wielding a +0 whip.
The gnoll hits you with a +1 vorpal spear.
The gnoll shouts!
You whack the gnoll! You freeze the gnoll.
The gnoll is severely wounded.
The gnoll misses you.
You hit the gnoll. You freeze the gnoll.
You kill the gnoll!
The gnoll hits you with a +0 whip.
Your Dodging skill increases to level 3!
You barely miss the gnoll.
Your tail-slap misses the gnoll.
The gnoll hits you with a +0 whip.
* * * LOW HITPOINT WARNING * * *
You hit the gnoll. You freeze the gnoll.
The gnoll is severely wounded.
The gnoll closely misses you.
You barely miss the gnoll.
Your tail-slap misses the gnoll.
The gnoll is severely wounded.
The gnoll hits you but does no damage.
You closely miss the gnoll.
The gnoll is severely wounded.
The gnoll hits you with a +0 whip.
You die...

#### ##.... ##.....
#.....< #...... .
#......
....##############......
....ggg@................
...<##############......
. ##..... ##.... #####


You could see 3 gnolls.

Vanquished Creatures
  A gnoll (D:2)
  An endoplasm (D:1)
  2 hobgoblins (D:1)
  2 ball pythons
  2 kobolds
  2 rats
10 creatures vanquished.

Vanquished Creatures (others)
  An endoplasm (D:2)
1 creature vanquished.

Grand Total: 11 creatures vanquished

Notes
Turn   | Place    | Note
-------+----------+-------------------------------------------
     0 | D:1      | LampP0st the Draconian Berserker began the quest for the
                  | Orb.
     0 | D:1      | Reached XP level 1. HP: 19/19 MP: 1/1
   572 | D:1      | Found a faded altar of an unknown god.
   684 | D:1      | Fell from the grace of Trog
   684 | D:1      | Became a worshipper of Jiyva Jutaxkol the Shapeless
   684 | D:1      | Reached * piety under Jiyva
   705 | D:1      | Found Evue's Book Emporium.
   769 | D:1      | You fall into a shaft and drop 1 floor!
   792 | D:2      | Reached XP level 2. HP: 26/26 MP: 2/2
   848 | D:2      | Slain by a gnoll

Illustrated notes

Levels and vault maps discovered:
D:1:      matt_arrival_spirals, layout_basic,
          hellmonk_ecumenical_altar_heavens_door, serial_shops, shop, shop,
          hangedman_feature_mirror
D:2:      layout_rooms, interstate_on_off

Skill      XL: |  1  2 |
---------------+-------+-----
Dodging        | 3 |  3.0
Fighting       | |  3.6
Polearms       | |  3.3

Action                   || total
-------------------------++-------
Melee: Spear             ||    31
       Tailslap          ||     4
       Whip              ||     6
Armor: Skin              ||    15
Dodge: Dodged            ||    20
Block: Buckler           ||     3
